 Dungeon Crawl Stone Soup version 0.30.1-9-gdf580d7c3d (webtiles) character file.

Game seed: 11319211297229734768

39 KittyFluff the Trooper (level 3, 0/34 HPs)
             Began as a Gargoyle Berserker on Oct 15, 2023.
             Was a Believer of Trog.
             Constricted to death by a ball python (1 damage)
             ... on level 2 of the Dungeon.
             The game lasted 00:07:24 (2062 turns).

KittyFluff the Trooper (Gargoyle Berserker)         Turns: 2062, Time: 00:07:25

Health: 0/34       AC:  5    Str: 22    XL:     3   Next: 45%
Magic:  3/3        EV:  9    Int:  7    God:    Trog [**....]
Gold:   72         SH:  0    Dex:  9    Spells: 2/2 levels left

rFire   . . .        a - +0 mace
rCold   + . .        (no shield)
rNeg    + . .        b - +0 animal skin
rPois   ∞            (no helmet)
rElec   +            (no cloak)
rCorr   .            (no gloves)
SInv    .            (no boots)
Will    .....        (no amulet) Stlth
                     p - ring of protection from cold
HPRegen 0.25/turn    (no ring)
MPRegen 0.08/turn

%: no passive effects
@: berserking, constricted, very quick
A: sickness immunity, AC +3, negative energy resistance 1, electricity
resistance, torment resistance 1, petrification resistance
a: Renounce Religion, Berserk, Trog's Hand


You were on level 2 of the Dungeon.
You worshipped Trog.
Trog was pleased with you.
You visited 1 branch of the dungeon, and saw 2 of its levels.

You collected 72 gold pieces.

Inventory:

Hand Weapons
 a - a +0 mace (weapon)
Missiles
 m - 2 poisoned darts (quivered)
Armour
 b - a +0 animal skin (worn)
Jewellery
 p - a ring of protection from cold (left hand)
Scrolls
 d - a scroll of silence {unknown}
 f - a scroll of noise {unknown}
 i - a scroll of identify {unknown}
 l - a scroll of teleportation {unknown}
 o - a scroll of fear {unknown}
Potions
 c - 3 potions of flight {unknown}
 e - a potion of mutation {unknown}
 g - a potion of ambrosia {unknown}
 h - 2 potions of degeneration {unknown}
 j - a potion of brilliance {unknown}
 k - 2 potions of heal wounds {unknown}
 n - 2 potions of attraction {unknown}


   Skills:
 + Level 3.5 Fighting
 * Level 3.5 Maces & Flails
 * Level 3.0 Armour
 + Level 1.9 Dodging


You had 2 spell levels left.
You didn't know any spells.
Your spell library was empty.

Dungeon Overview and Level Annotations

Branches:
Dungeon (2/15)

Altars:
Fedhas


Innate Abilities, Weirdness & Mutations

You are immune to sickness and miasma.
Your stone body is resilient. (AC +3)
You are immune to poison.
You resist negative energy. (rN+)
You are resistant to electric shocks. (rElec)
You are resistant to unholy torment.
You are immune to petrification.


Message History

The adder is heavily wounded.
The ball python barely misses you. The ball python constricts you.
The adder bites you but does no damage. The ball python closely misses you.
The ball python constricts you.
* * * LOW HITPOINT WARNING * * *
You hit the adder.
The adder is severely wounded.
The adder bites you but does no damage. The ball python bites you.
* * * LOW HITPOINT WARNING * * *
The ball python constricts you. The adder bites you.
* * * LOW HITPOINT WARNING * * *
A red film seems to cover your vision as you go berserk!
You feel yourself moving faster!
You feel mighty! The ball python bites you.
* * * LOW HITPOINT WARNING * * *
The ball python constricts you. The adder bites you.
* * * LOW HITPOINT WARNING * * *
You closely miss the adder.
The adder is severely wounded.
The ball python bites you but does no damage.
The ball python constricts you. The adder bites you but does no damage.
You barely miss the adder.
The adder is severely wounded.
The ball python bites you but does no damage.
The ball python constricts you.
* * * LOW HITPOINT WARNING * * *
The adder closely misses you.
You closely miss the adder.
The adder is severely wounded.
The ball python barely misses you. The ball python constricts you.
The adder bites you but does no damage.
You barely miss the adder.
The adder is severely wounded.
The ball python closely misses you. The ball python constricts you.
The adder closely misses you.
You sock the adder!
You kill the adder!
Trog accepts your kill.
The ball python bites you but does no damage.
The ball python constricts you.
You die...

#.#####.#....#...
#.#####.#....# ..
........#..### .
#.####.##### #.#
#.# #.# #.# ### #.#
#.# ##.## # #.# #.#
##.#.##.##... #.#
#.# #.###@S......
### #.#
##.#†###..... ...
##..###.._.. ###
#...S.... . #.#
#.####..[ # #.#
####.### . ###.#
#.# #......# #....
#.# ########.#.#
#.#.#
#.#####...##...#.##
#.#.#


You could see a ball python.

Vanquished Creatures
  An adder (D:2)
  4 ball pythons
  6 bats (D:1)
  2 endoplasms (D:1)
  4 giant cockroaches (D:1)
  4 goblins
  6 hobgoblins (D:1)
  A quokka (D:1)
  2 frilled lizards (D:1)
  2 kobolds (D:1)
  3 rats
35 creatures vanquished.

Notes
Turn   | Place    | Note
-------+----------+-------------------------------------------
     0 | D:1      | KittyFluff the Gargoyle Berserker began the quest for the
                  | Orb.
     0 | D:1      | Reached XP level 1. HP: 14/14 MP: 1/1
   481 | D:1      | Reached XP level 2. HP: 16/19 MP: 2/2
   709 | D:1      | Found a faded altar of an unknown god.
   931 | D:1      | Reached XP level 3. HP: 21/23 MP: 3/3
   932 | D:1      | Reached ** piety under Trog
  2032 | D:2      | Found a blossoming altar of Fedhas.
  2057 | D:2      | HP: 1/34 [adder (1)]
  2062 | D:2      | Constricted to death by a ball python

Illustrated notes

Levels and vault maps discovered:
D:1:      minmay_arrival_doors, layout_basic,
          hellmonk_ecumenical_altar_arch_garden, minmay_pentomino_o4
D:2:      layout_loops_cross, basic_altar, serial_co_window_serial,
          co_window_corner_a, co_window_paths_a, co_window_cross_1,
          co_window_paths_a, co_window_of_opportunity_a, co_window_cross_2,
          co_window_cross_4, co_window_of_opportunity_b,
          co_window_unsneaky_path_a, co_window_unsneaky_path_e,
          co_window_4corner_a, co_window_paths_e, glass_columns_a,
          minmay_misc_feat_rugged

Skill      XL: |  1  2  3 |
---------------+----------+-----
Armour         | 3 |  3.0
Fighting       | |  3.5
Maces & Flails | |  3.5
Dodging        | |  1.9

Action                     || total
---------------------------++-------
  Melee: Mace              ||   133
         Punch             ||     2
 Invoke: Berserk           ||     1
 Armour: Animal skin       ||    67
  Dodge: Dodged            ||   139
